 Dungeon Crawl Stone Soup version 0.18-a0-1323-g706dcef (webtiles) character file.

320 Tomstefer the Slasher (level 6, -1/47 HPs)
             Began as a Demonspawn Gladiator on Feb 15, 2016.
             Slain by a river rat (4 damage)
             ... in a sewer.
             The game lasted 00:10:05 (3212 turns).

Tomstefer the Slasher (Demonspawn Gladiator)        Turns: 3212, Time: 00:10:05

Health: -1/47      AC:  8    Str: 17    XL:     6   Next: 22%
Magic:  6/6        EV: 10    Int:  9    God:
Gold:   205        SH:  0    Dex: 14    Spells: 0 memorised, 5 levels left

rFire  . . .     SeeInvis +     a - +0 long sword
rCold  . . .     Gourm    .     p - +0 scale mail
rNeg   . . .     Faith    .     (no shield)
rPois  .         Spirit   .     c - +1 helmet
rElec  .         Dismiss  .     (no cloak)
rCorr  .         Reflect  .     (no gloves)
SustAt .         Harm     .     (no boots)
MR     .....                    (no amulet)
Stlth  ..........               (no ring)
                                q - ring of see invisible

@: not resistant to hostile enchantments, extremely unstealthy
A: talons 1
a: no special abilities


You were in a sewer.
You were very hungry.

You visited 1 branch of the dungeon, and saw 4 of its levels.
You also visited: Sewer.

You collected 205 gold pieces.

Inventory:

Hand Weapons
 a - a +0 long sword (weapon)
Missiles
 d - 4 throwing nets (quivered)
Armour
 b - a +0 leather armour
 c - a +1 helmet (worn)
 k - a +0 ring mail
 p - a +0 scale mail (worn)
Jewellery
 q - a ring of see invisible (left hand)
Scrolls
 e - 4 scrolls of teleportation
 h - 3 scrolls of amnesia
 j - a scroll of identify
 l - a scroll of random uselessness {unknown}
 o - 2 scrolls of fog
 s - 2 scrolls of blinking
 t - 3 scrolls of remove curse
Potions
 g - a potion of haste {unknown}
 i - a potion of mutation {unknown}
 m - 3 potions of brilliance {unknown}
 r - a potion of invisibility {unknown}
 u - 2 potions of magic {unknown}
 v - a potion of heal wounds
 x - 2 potions of degeneration {unknown}
 z - a potion of curing {unknown}
Books
 w - a Grand Grimoire

   Spells                             Type                      Level
   a - Monstrous Menagerie            Summoning                    7
   b - Summon Greater Demon           Summoning                    7
   c - Malign Gateway                 Summoning/Translocation      7
   d - Summon Horrible Things         Summoning                    8
Comestibles
 f - 5 bread rations
 n - 3 meat rations


   Skills:
 - Level 3.4 Fighting
 + Level 5.2 Long Blades
 - Level 1.7 Throwing
 + Level 2.2 Armour
 - Level 2.6 Dodging


You had 5 spell levels left.
You didn't know any spells.

Dungeon Overview and Level Annotations

Branches:
Dungeon (4/15)
 Temple: D:4-7

Altars:
Ashenzari
Fedhas
Kikubaaqudgha
Pakellas
Ru


Innate Abilities, Weirdness & Mutations

You have sharp toenails.


Message History

The river rat bites you.
* * * LOW HITPOINT WARNING * * *
Things that are here:
an inedible chunk of flesh; a chunk of flesh; an inedible chunk of flesh You closely miss the river rat.
Your kick misses the river rat.
The river rat is heavily wounded.
The river rat bites you.
* * * LOW HITPOINT WARNING * * *
You closely miss the river rat. You claw the river rat.
The river rat is heavily wounded.
The river rat bites you!
* * * LOW HITPOINT WARNING * * *
The river rat barely misses you.
You enter the shallow water.
Moving in this stuff is going to be slow.
You see here a river rat corpse.
You hit the river rat but do no damage.
The river rat is heavily wounded.
The river rat bites you.
You die...

#.#...# #†#.## ##%#.# #.###r#
##.###.# ##.# .#
####################†###########
≈≈.≈.≈≈≈≈.≈≈≈..≈.......≈.≈≈#≈≈≈≈
.≈.≈≈≈≈≈≈≈≈≈≈≈.@rr≈≈≈..≈.≈≈#≈≈≈≈
#######≈########################
#.# #≈# #≈# #≈# #≈# #≈# #≈#


You could see 2 river rats.

Vanquished Creatures
  An orc wizard (D:4)
  Natasha (thrice) (D:2)
  5 river rats
  6 adders
  An ooze (D:3)
  4 worms
  A giant gecko (D:2)
  12 orcs
  5 ball pythons
  10 bats
  4 giant cockroaches
  3 goblins
  9 hobgoblins
  4 jackals (D:1)
  2 quokkas (D:2)
  4 giant newts
  11 kobolds
  12 rats
  A fungus (D:1)
98 creatures vanquished.

Notes
Turn   | Place    | Note
--------------------------------------------------------------
     0 | D:1      | Tomstefer the Demonspawn Gladiator began the quest for the Orb.
     0 | D:1      | Reached XP level 1. HP: 16/16 MP: 1/1
    92 | D:1      | Reached skill level 3 in Long Blades
   195 | D:1      | Gained mutation: You have sharp toenails. [demonic ancestry]
   195 | D:1      | Reached XP level 2. HP: 19/22 MP: 2/2
  1170 | D:2      | Reached XP level 3. HP: 23/27 MP: 3/3
  1210 | D:2      | Reached skill level 4 in Long Blades
  1242 | D:2      | Noticed Natasha
  1248 | D:2      | Killed Natasha
  1248 | D:2      | Reached XP level 4. HP: 33/33 MP: 4/4
  1288 | D:2      | Found a shattered altar of Ashenzari.
  1338 | D:2      | Noticed Natasha
  1346 | D:2      | Killed Natasha
  1459 | D:2      | Found an ancient bone altar of Kikubaaqudgha.
  1582 | D:2      | Noticed Natasha
  1588 | D:2      | Killed Natasha
  1588 | D:2      | Reached skill level 5 in Long Blades
  1681 | D:3      | Reached XP level 5. HP: 36/38 MP: 5/5
  1767 | D:3      | Found an oddly glowing altar of Pakellas.
  2166 | D:3      | Reached skill level 1 in Armour
  2510 | D:4      | Found a blossoming altar of Fedhas.
  2533 | D:4      | Found a sacrificial altar of Ru.
  2729 | D:4      | Found a glowing drain.
  2758 | Sewer    | Entered a sewer
  3030 | Sewer    | Reached XP level 6. HP: 47/47 MP: 6/6
  3204 | Sewer    | HP: 1/47 [river rat (8)]
  3212 | Sewer    | Slain by a river rat

Vault maps used:
D:1:      lightli_arrival_statue_moat, hangedman_abyss_or_decor_lesser_grid,
          st_stairs_12, minmay_misc_feat_doors, hangedman_glass_teeth,
          serial_park_tiny_1, minmay_gold_behind_fungi
D:2:      nicolae_ashenzari_panopticon, kiku_gazebo_pond_becter, first_bread,
          uniq_natasha
D:3:      lemuel_doored_altar, nrook_mini_vaults
D:4:      nicolae_ru_great_annihilating_truth, lemuel_round_altar,
          portal_sewer_entry_b, minivault_26, minivault_14
Sewer:    sewer_co_cracked_pipes

Action                   |  1- 3 |  4- 6 || total
-------------------------+-------+-------++-------
Melee: Long sword        |   103 |   259 ||   362
  Use: Scroll            |       |     7 ||     7
 Stab: Paralysed         |       |     2 ||     2
  Eat: Chunk             |     1 |     6 ||     7
